 Dungeon Crawl Stone Soup version bcrawl-1.37.2 (webtiles) character file.

Game seed: 18215444580596455111

77846 FaviusArthum the Grave Robber (level 4, 30/30 HPs)
             Began as a Human Necromancer on Dec 20, 2022.
             Starved to death
             ... on level 2 of the Dungeon.
             The game lasted 00:16:29 (3179 turns).

FaviusArthum the Grave Robber (Human Necromancer)   Turns: 3179, Time: 00:16:29

Health: 30/30      AC:  2    Str:  8    XL:     4   Next: 35%
Magic:  8/8        EV: 12    Int: 17    God:
Gold:   166        SH:  0    Dex: 13    Spells: 1/9 levels left

rFire    . . .     GDR:     25% q - +0 falchion
rCold    . . .     SeeInvis .   (no shield)
rNeg     . . .     Gourm    .   b - +0 robe
rPois    .         Faith    .   (no helmet)
rElec    .         Spirit   .   (no cloak)
rCorr    .         Reflect  .   (no gloves)
MR       .....                  (no boots)
Stlth    ++........             (no amulet)
HPRegen  0.15/turn              (no ring)
MPRegen  0.11/turn              (no ring)

@: fainting
A: no striking features
a: no special abilities


You were on level 2 of the Dungeon.
You were fainting.

You visited 1 branch of the dungeon, and saw 2 of its levels.

You collected 166 gold pieces.

Inventory:

Hand Weapons
 a - a +0 dagger of pain
 n - a +0 spear
 p - a +0 club
 q - a +0 falchion (weapon)
Missiles
 c - 552 stones (quivered)
 g - a throwing net {=f}
 l - 224 poisoned needles
Armour
 b - a +0 robe (worn)
 f - a +0 ring mail
Jewellery
 m - a cursed ring of insulation {unknown}
Wands
 o - a wand of flame (13)
Scrolls
 e - a scroll of magic mapping {unknown}
 i - 7 scrolls of identify
 j - 2 scrolls of remove curse
Potions
 d - a potion of curing {unknown}
 h - a potion of heal wounds {unknown}
 k - a potion of lignification {unknown}
 r - a potion of invisibility {unknown}


   Skills:
 + Level 0.2 Fighting
 + Level 0.1 Short Blades
 + Level 0.4 Polearms
 + Level 2.4 Dodging
 + Level 2.4 Stealth
 + Level 3.0 Spellcasting
 + Level 5.1 Necromancy


You had one spell level left.
You knew the following spells:

 Your Spells              Type           Power        Failure   Level  Hunger
a - Necrotize             Necr           ###...       1%          1    None
b - Vampiric Draining     Necr           ###.......   6%          3    ####...
c - Agony                 Necr           ###.....     21%         4    #####..

Your spell library contained the following spells:

 Spells                   Type           Power        Failure   Level  Hunger
 Animate Dead             Necr           N/A          21%         4    #####..
 Dispel Undead            Necr           ###.....     50%         5    ######.


Dungeon Overview and Level Annotations

Branches:
Dungeon (2/12)

Altars:


Message History

You are fainting from starvation!
You hit the bat but do no damage. The bat barely misses you. x2
You hit the bat but do no damage. The bat barely misses you. x2
You hit the bat.
You kill the bat!
HP restored.
You open the door.
There is an open door here.
There is an open door here.
You need to eat something NOW!
You need to eat something NOW!
A worm comes into view.
There is an open door here.
You close the door.
You lose consciousness!
You can move again.
You lose consciousness!
You can move again.
You have starved to death.
You die...

#....#######.+..=.#
#.####.# #....#
#.#....# #.# #.###
#....# ####.#....###.#
#.#.. #....#
#....#........# #[#.#
#....# #.#############
#.# #....#
#.############ #.#
###### #............#
#.# # #..#########.#
#.#..
#....@.....#.#####.###
##.#######.#.......# #
#.# #####'###########
#.# #.......# #... #.#
#.......# #... #.#
#.......# #... #.#
#####.### #... #.# #.#
#... #########.#
#.###########


There were no monsters in sight!

Vanquished Creatures
  A worm (D:2)
  A dart slug (D:1)
  2 leopard geckos
  An orc (D:2)
  4 bats
  3 giant cockroaches
  4 hobgoblins
  6 jackals (D:2)
  A ball python (D:2)
  A frilled lizard (D:1)
  8 goblins
  4 kobolds
  4 rats (D:1)
40 creatures vanquished.

Vanquished Creatures (collateral kills)
  An ooze (D:1)
  A leopard gecko (D:2)
  A hobgoblin (D:2)
  A jackal (D:2)
  A ball python (D:1)
  A rat (D:1)
6 creatures vanquished.

Grand Total: 46 creatures vanquished

Notes
Turn   | Place    | Note
-------+----------+-------------------------------------------
     0 | D:1      | FaviusArthum the Human Necromancer began the quest for the
                  | Orb.
     0 | D:1      | Reached XP level 1. HP: 13/13 MP: 3/3
   480 | D:1      | Reached XP level 2. HP: 16/19 MP: 0/5
   963 | D:1      | Reached XP level 3. HP: 22/24 MP: 3/6
  1124 | D:1      | Reached skill level 5 in Necromancy
  1893 | D:2      | Reached XP level 4. HP: 28/30 MP: 5/8
  1897 | D:2      | Learned a level 3 spell: Vampiric Draining
  1902 | D:2      | Learned a level 4 spell: Agony
  3145 | D:2      | Paralysed by fainting for 11 turns
  3163 | D:2      | Paralysed by fainting for 12 turns
  3179 | D:2      | Starved to death

Skill      XL: |  1  2  3  4 |
---------------+-------------+-----
Necromancy     | 5 |  5.1
Spellcasting   | 3 |  3.0
Fighting       | |  0.2
Short Blades   | |  0.1
Polearms       | |  0.4
Dodging        | |  2.4
Stealth        | |  2.4

Action                   |  1- 3 |  4- 6 || total
-------------------------+-------+-------++-------
Melee: Dagger            |    13 |       ||    13
       Spear             |    22 |     2 ||    24
       Falchion          |       |    31 ||    31
 Cast: Necrotize         |    40 |    14 ||    54
       Agony             |       |     3 ||     3
  Use: Scroll            |     1 |       ||     1
 Stab: Sleeping          |       |     1 ||     1
  Eat: Ration            |     1 |     1 ||     2
Armor: Robe              |    10 |    25 ||    35
Dodge: Dodged            |    30 |    59 ||    89
